 Dungeon Crawl Stone Soup version 0.25-a0-577-ga4619f4 (webtiles) character file.

Game seed: 6495806569051336644, levelgen mode: deterministic

46 Faels the Skirmisher (level 3, -1/29 HPs)
             Began as a Demonspawn Fighter on Mar 1, 2020.
             Slain by Crazy Yiuf
             ... wielding a +3 quarterstaff of chaos
              (20 damage)
             ... on level 2 of the Dungeon.
             The game lasted 00:05:47 (1518 turns).

Faels the Skirmisher (Demonspawn Fighter)           Turns: 1518, Time: 00:05:49

Health: -1/29      AC:  6    Str: 16    XL:     3   Next: 46%
Magic:  3/3        EV:  7    Int: 10    God:
Gold:   83         SH:  8    Dex: 12    Spells: 2/2 levels left

rFire    + . .     SeeInvis .   a - +0 long sword
rCold    + . .     Gourm    .   c - +0 kite shield
rNeg     . . .     Faith    .   b - +0 scale mail
rPois    .         Spirit   .   (no helmet)
rElec    .         Reflect  .   (no cloak)
rCorr    +         Harm     .   (no gloves)
MR       .....                  (no boots)
Stlth    ..........             (no amulet)
HPRegen  0.09/turn              e - ring of resist corrosion
MPRegen  0.08/turn              r - ring of protection from fire

@: no status effects
A: hooves 1, cold resistance 1
a: no special abilities


You were on level 2 of the Dungeon.
You were not hungry.

You visited 1 branch of the dungeon, and saw 2 of its levels.

You collected 83 gold pieces.

Inventory:

Hand Weapons
 a - a +0 long sword (weapon)
 h - a +1 dagger of venom
Missiles
 q - 12 poisoned darts (quivered)
Armour
 b - a +0 scale mail (worn)
 c - a +0 kite shield (worn)
Jewellery
 e - a ring of resist corrosion (left hand)
 p - an uncursed ring of magical power
 r - a ring of protection from fire (right hand)
Scrolls
 k - 2 scrolls of teleportation {unknown}
 m - a scroll of random uselessness {unknown}
 o - 2 scrolls of identify {unknown}
 t - a scroll of remove curse {unknown}
Potions
 d - a potion of might
 i - 3 potions of curing {unknown}
 j - a potion of heal wounds {unknown}
 l - 2 potions of flight {unknown}
 n - 2 potions of lignification {unknown}
 s - a potion of haste {unknown}
Comestibles
 f - 5 rations
 g - 2 chunks of flesh


   Skills:
 + Level 3.3 Fighting
 * Level 2.8 Long Blades
 - Level 2.6 Armour
 + Level 1.2 Dodging
 - Level 2.6 Shields


You had 2 spell levels left.
You didn't know any spells.
Your spell library was empty.

Dungeon Overview and Level Annotations

Branches:
Dungeon (2/15)

Altars:
Elyvilon
Qazlal

Annotations:
D:2 Crazy Yiuf


Innate Abilities, Weirdness & Mutations

You have large cloven feet.
Your flesh is cold resistant. (rC+)


Message History

Found a stormy altar of Qazlal.
o - 2 scrolls labeled ZAACOTZ PIXZUMP (gained 1)
There is a stormy altar of Qazlal here.
Found a white marble altar of Elyvilon.
There is a stone staircase leading down here.
Some of the chunks of flesh in your inventory have rotted away.
Crazy Yiuf shouts!
Crazy Yiuf grits, "Candle arga pontify!"
You open the door.
Your shield prevents you from hitting Crazy Yiuf.
You kick Crazy Yiuf, but do no damage.
Crazy Yiuf says, "Shower!
Hah stair shoe."
You block Crazy Yiuf's attack.
You hit Crazy Yiuf but do no damage. You kick Crazy Yiuf.
Crazy Yiuf is lightly wounded.
Crazy Yiuf hits you but does no damage.
Crazy Yiuf hits you with a +3 quarterstaff of chaos!
You are electrocuted!!
Ouch! That really hurt!
You die...

####.).####....###........#
#####......# #....#
#.......## ......#....#
#....# #......##
.######....# ##...#
#.###### .# #.[..# ##.##
#..# ## #....# ##.# ##.#
###...# #.## ##.# #######
###.....# ##.# #..###......
##.......# #@##
##..##(....( ###..#.....#
#g# ##.##......
...........# ... #.##......
.....##....# #...#
###......... .#######...#
#)..# #...##......
......###..# #####
###.##...... ...)..######
#(##...... ...........#####
#.##......
......######...##
#.########


You could see Crazy Yiuf.

Vanquished Creatures
  An adder (D:2)
  A leopard gecko (D:1)
  3 giant cockroaches
  7 goblins (D:1)
  3 hobgoblins
  6 bats (D:1)
  4 frilled lizards
  7 kobolds
  5 rats
37 creatures vanquished.

Notes
Turn   | Place    | Note
-------+----------+-------------------------------------------
     0 | D:1      | Faels the Demonspawn Fighter began the quest for the Orb.
     0 | D:1      | Reached XP level 1. HP: 18/18 MP: 1/1
   167 | D:1      | Gained mutation: Your flesh is cold resistant. (rC+)
                  | [demonic ancestry]
   167 | D:1      | Reached XP level 2. HP: 24/24 MP: 2/2
   525 | D:1      | Reached skill level 1 in Dodging
   731 | D:1      | Gained mutation: You have large cloven feet. [demonic
                  | ancestry]
   731 | D:1      | Reached XP level 3. HP: 29/29 MP: 3/3
   916 | D:2      | Found a runed translucent door.
   919 | D:2      | Noticed Crazy Yiuf
  1009 | D:2      | Upgraded the game from 0.25-a0-576-g50b708a to
                  | 0.25-a0-577-ga4619f4
  1391 | D:2      | Found a stormy altar of Qazlal.
  1404 | D:2      | Found a white marble altar of Elyvilon.
  1518 | D:2      | Slain by Crazy Yiuf

Levels and vault maps discovered:
D:1:      dpeg_arrival_connections, layout_rooms, glass_columns_b, minivault_26
D:2:      layout_rooms, amethyst_overflow_temple_binary, uniq_crazy_yiuf_cottage

Skill      XL: |  1  2 |
---------------+-------+-----
Long Blades    | 2 |  2.8
Dodging        | 1 |  1.2
Fighting       | |  3.3
Armour         | |  2.6
Shields        | |  2.6

Action                   || total
-------------------------++-------
Melee: Long sword        ||   117
       Kick              ||     8
  Eat: Chunk             ||     2
Armor: Scale mail        ||    48
Dodge: Dodged            ||    32
Block: Kite shield       ||    59
       Rpst.: Long sword ||    10

Table legend:
 A = Non-vault XP
 B = Vault XP
 C = Vault XP percentage of total XP
 D = Non-vault monster count
 E = Vault monster count
 F = Vault count percentage of total count
                 A         B        C        D         E       F
            +---------+---------+-------+---------+---------+-------
      Total |      67 |       0 |   0.0 |      37 |       0 |   0.0
            +---------+---------+-------+---------+---------+-------
        D:1 |      42 |       0 |   0.0 |      27 |       0 |   0.0
        D:2 |      25 |       0 |   0.0 |      10 |       0 |   0.0
            +---------+---------+-------+---------+---------+-------
